 Dungeon Crawl Stone Soup version 0.21.1-1-g345015f (webtiles) character file.

5378 Fang the Cleaver (level 10, -3/96 HPs)
             Began as a Gargoyle Berserker on May 16, 2018.
             Was a High Priest of Trog.
             Slain by a gnoll
             ... wielding a +2 halberd of electrocution
              (5 damage)
             ... in a bailey.
             The game lasted 00:17:13 (8970 turns).

Fang the Cleaver (Gargoyle Berserker)               Turns: 8970, Time: 00:17:13

Health: -3/96      AC: 20    Str: 33    XL:     10   Next: 66%
Magic:  10/10      EV: 14    Int:  3    God:    Trog [*****.]
Gold:   414        SH:  0    Dex: 13    Spells: 9/9 levels left

rFire    + . .     SeeInvis +   a - +2 hand axe
rCold    . . .     Gourm    .   (no shield)
rNeg     + . .     Faith    +   v - +6 ring mail of Vehumet's Castigation {MR+}
rPois    ∞         Spirit   .   q - +0 helmet {SInv}
rElec    +         Reflect  .   (no cloak)
rCorr    .         Harm     .   (no gloves)
MR       +....                  (no boots)
Stlth    ..........             w - amulet of faith
HPRegen  0.26/turn              s - ring of see invisible
MPRegen  0.12/turn              o - ring of Sunlight {rElec rF+ Str+4 Int-5 Dex+4}

@: berserking, very quick
A: negative energy resistance 1, electricity resistance, unbreathing,
petrification resistance, rot immunity, AC +7
a: Berserk, Trog's Hand, Brothers in Arms, Burn Spellbooks, Renounce Religion


You were in a bailey.
You worshipped Trog.
Trog was extremely pleased with you.
You were very hungry.

You visited 1 branch of the dungeon, and saw 9 of its levels.
You also visited: Bailey.

You collected 414 gold pieces.

Inventory:

Hand Weapons
 a - a +2 hand axe (weapon)
Missiles
 D - 38 tomahawks of returning (quivered)
Armour
 q - a +0 helmet of see invisible (worn)
 v - the +6 ring mail of Vehumet's Castigation (worn) {MR+}
   (You found it on level 6 of the Dungeon)

   It affects your resistance to hostile enchantments.
Jewellery
 o - the ring of Sunlight (right hand) {rElec rF+ Str+4 Int-5 Dex+4}
   (You found it on level 8 of the Dungeon)

   [ring of dexterity]

   It affects your strength (+4).
   It affects your intelligence (-5).
   It affects your dexterity (+4).
   It protects you from fire.
   It insulates you from electricity.
 s - a ring of see invisible (left hand)
 t - an uncursed amulet of rage
 w - an amulet of faith (around neck)
Wands
 b - a wand of iceblast (11)
 p - a wand of acid (16)
 x - a wand of paralysis (15)
 y - a wand of flame (62)
Scrolls
 e - 2 scrolls of fog
 f - a scroll of magic mapping
 i - 2 scrolls of teleportation
 j - 2 scrolls of enchant armour
 l - a scroll of blinking
 A - a scroll of fear
 B - 2 scrolls of remove curse
Potions
 d - a potion of lignification {unknown}
 g - a potion of heal wounds
 h - 2 potions of haste {unknown}
 k - 2 potions of flight
 m - 3 potions of curing
 n - 4 potions of agility
 r - 3 potions of brilliance
 u - a potion of berserk rage
Books
 z - a book of Cantrips

   Spells                             Type                      Level
   a - Confusing Touch                Hexes                        1
   b - Animate Skeleton               Necromancy                   1
   c - Summon Small Mammal            Summoning                    1
   d - Apportation                    Translocation                1
   Trog disapproves of the use of such an item.
Comestibles
 c - 19 rations
 C - a chunk of flesh


   Skills:
 + Level 8.1 Fighting
 + Level 10.3 Axes
 + Level 5.4 Armour
 + Level 5.4 Dodging
 + Level 4.6 Stealth


You had 9 spell levels left.
You didn't know any spells.

Dungeon Overview and Level Annotations

Branches:
Dungeon (9/15)             Temple (0/1) D:7
   Lair: D:8-11         Orc: D:9-12

Altars:
Dithmenos
Elyvilon
Fedhas
Gozag
Hepliaklqana
Makhleb
Nemelex Xobeh
Sif Muna
Uskayaw
Yredelemnul
The Shining One

Shops:
D:8 :

Annotations:
D:6 exclusion: oklob plant


Innate Abilities, Weirdness & Mutations

You are resistant to torment.
Your stone body is resilient. (AC +7)
You are immune to poison.
You resist negative energy. (rN+)
You are resistant to electric shocks. (rElec)
You can survive without breathing.
You are immune to petrification.
You are immune to rotting.


Message History

The gnoll barely misses you. The orc knight barely misses you.
You are feeling very hungry.
You slash the orc knight!
The orc knight is heavily wounded.
The gnoll hits you from afar with a halberd of electrocution!
* * * LOW HITPOINT WARNING * * *
You barely miss the orc knight.
The orc knight is heavily wounded.
The gnoll completely misses you.
You hit the orc knight.
The orc knight is heavily wounded.
The orc knight hits you with a great mace!
* * * LOW HITPOINT WARNING * * *
You closely miss the orc knight.
The orc knight is heavily wounded.
The gnoll barely misses you.
You closely miss the orc knight.
The orc knight is heavily wounded.
The gnoll hits you from afar with a halberd of electrocution.
You die...

## ### #####
#.#
#.###)'(##
#'##'##'###@#
#.....##
##ogg..#
###.....###
ggg..#
#.'..⌠..'.#
g.⌠..'.
###(....###
.....##
##((...#
#.....#
##(##)##'#
#'##'##'#
#)###.# #.#g#
.# #. #'# ###
### ### ##


You could see an orc knight, 3 gnolls and 3 hobgoblins.

Vanquished Creatures
  A two-headed ogre (D:8)
  An ugly thing (D:8)
  A hornet (D:8)
  A hippogriff (D:7)
  A shadow (D:8)
  A hungry ghost (D:8)
  5 orc warriors
  2 ice beasts
  A black bear (D:8)
  2 phantoms
  4 sky beasts
  3 ogres
  3 centaurs (D:7)
  The ghost of Dazliare the Chiller, an amateur MfIE of Ru (D:3)
  A big kobold (D:7)
  5 bullfrogs
  A gnoll sergeant (D:6)
  3 scorpions
  A howler monkey (D:7)
  3 crimson imps
  6 orc priests
  2 hounds
  A bullfrog skeleton (D:8)
  9 orc wizards
  3 centaur skeletons
  An iguana (D:6)
  4 worker ants
  2 hound skeletons
  10 gnolls
  9 adders
  4 shadow imps
  3 oozes
  An adder zombie (D:6)
  3 worms
  3 dart slugs
  3 leopard geckos
  23 orcs
  9 bats
  4 giant cockroaches
  11 goblins
  15 hobgoblins
  10 jackals
  22 kobolds
  7 quokkas
  A ball python (D:2)
  2 frilled lizards
  2 jackal skeletons
  A leopard gecko skeleton (D:4)
  7 rats
  A spectral orc (D:6)
220 creatures vanquished.

Notes
Turn   | Place    | Note
-------+----------+-------------------------------------------
     0 | D:1      | Fang the Gargoyle Berserker began the quest for the Orb.
     0 | D:1      | Reached XP level 1. HP: 14/14 MP: 1/1
    29 | D:1      | Reached XP level 2. HP: 8/19 MP: 2/2
    83 | D:1      | Reached skill level 3 in Axes
   384 | D:1      | Reached XP level 3. HP: 24/24 MP: 3/3
   499 | D:1      | Reached ** piety under Trog
   597 | D:2      | Reached XP level 4. HP: 16/29 MP: 4/4
  1006 | D:2      | Reached skill level 1 in Stealth
  1252 | D:2      | Found an opulent altar of Gozag.
  1984 | D:3      | Noticed Dazliare's ghost (amateur MfIE)
  1995 | D:3      | Killed Dazliare's ghost
  1995 | D:3      | Reached skill level 4 in Axes
  1995 | D:3      | Reached XP level 5. HP: 26/34 MP: 5/5
  2324 | D:3      | Reached *** piety under Trog
  2332 | D:3      | Found a hide-covered altar of Uskayaw.
  2607 | D:3      | Reached XP level 6. HP: 36/39 MP: 6/6
  2642 | D:3      | Found a hazy altar of Hepliaklqana.
  2648 | D:3      | Found a white marble altar of Elyvilon.
  3972 | D:4      | Reached skill level 5 in Axes
  3972 | D:4      | Reached XP level 7. HP: 41/44 MP: 7/7
  4156 | D:5      | Entered Level 5 of the Dungeon
  4286 | D:5      | Found a shadowy altar of Dithmenos.
  4333 | D:5      | Reached skill level 5 in Fighting
  4880 | D:5      | Found Kibb's General Store.
  5243 | D:5      | Found a deep blue altar of Sif Muna.
  5332 | D:6      | Reached skill level 6 in Axes
  5332 | D:6      | Reached XP level 8. HP: 46/50 MP: 8/8
  5456 | D:6      | Found a basalt altar of Yredelemnul.
  5753 | D:6      | Reached **** piety under Trog
  5852 | D:6      | Got an encrusted ring mail
  5863 | D:6      | Identified the +6 ring mail of Vehumet's Castigation {MR+} (You found it on level 6 of the Dungeon)
  5997 | D:6      | Found a sparkling altar of Nemelex Xobeh.
  6025 | D:6      | Reached skill level 7 in Axes
  6149 | D:6      | Reached XP level 9. HP: 37/55 MP: 9/9
  6527 | D:6      | Found a blossoming altar of Fedhas.
  6615 | D:6      | Noticed an oklob plant
  6721 | D:7      | Reached skill level 8 in Axes
  6890 | D:7      | Found a staircase to the Ecumenical Temple.
  7132 | D:7      | Reached skill level 5 in Dodging
  7547 | D:7      | Reached skill level 9 in Axes
  7662 | D:8      | Noticed a two-headed ogre
  7663 | D:8      | Noticed a green ugly thing
  7670 | D:8      | Killed a two-headed ogre
  7670 | D:8      | Reached XP level 10. HP: 53/63 MP: 10/10
  7675 | D:8      | Killed a green ugly thing
  7681 | D:8      | Reached skill level 10 in Axes
  7929 | D:8      | Got a warped glass ring
  7930 | D:8      | Identified the ring of Sunlight {rElec rF+ Str+4 Int-5 Dex+4} (You found it on level 8 of the Dungeon)
  7944 | D:8      | Reached ***** piety under Trog
  8052 | D:8      | Found Nioploho's Book Shoppe.
  8150 | D:8      | Reached skill level 5 in Armour
  8675 | D:9      | Found a glowing golden altar of the Shining One.
  8723 | D:9      | Found a burning altar of Makhleb.
  8762 | D:9      | Found a flagged portal.
  8788 | Bailey   | Entered a bailey
  8894 | Bailey   | Noticed an orc knight
  8968 | Bailey   | HP: 1/96 [orc knight/great mace (14)]
  8970 | Bailey   | Slain by a gnoll

Skill      XL: |  1  2  3  4  5  6  7  8  9 10 |
---------------+-------------------------------+-----
Axes           | 3 4 5 6 7 9 10 | 10.3
Fighting       | 4 5 6 7 8 |  8.1
Dodging        | 2 3 4 5 |  5.4
Stealth        | 1 2 3 4 |  4.6
Armour         | 4 5 |  5.4

Action                   |  1- 3 |  4- 6 |  7- 9 | 10-12 || total
-------------------------+-------+-------+-------+-------++-------
Melee: Hand axe          |    92 |   245 |   420 |   222 ||   979
Invok: Berserk           |     1 |     2 |     6 |     1 ||    10
       Burn Spellbooks   |       |       |     2 |     1 ||     3
  Use: Scroll            |       |       |    21 |     3 ||    24
       Potion            |       |       |     1 |       ||     1
 Stab: Sleeping          |       |     4 |     6 |     2 ||    12
  Eat: Chunk             |       |     5 |    14 |     7 ||    26
       Ration            |       |     2 |     1 |       ||     3
Armor: Animal skin       |    58 |    92 |    56 |       ||   206
       Ring mail         |       |       |   103 |    76 ||   179
Dodge: Dodged            |   111 |   155 |   230 |   165 ||   661
